 Dungeon Crawl Stone Soup version 0.25.1-2-g60ff931df9 (webtiles) character file.

Game seed: 5204984596285485607

98 DogServant the Vandal (level 5, -4/35 HPs)
             Began as a Halfling Hunter on Oct 16, 2020.
             Killed from afar by Natasha (9 damage)
             ... with a magic dart
             ... on level 2 of the Dungeon.
             The game lasted 00:02:32 (1663 turns).

DogServant the Vandal (Halfling Hunter)             Turns: 1663, Time: 00:02:32

Health: -4/35      AC:  3    Str: 13    XL:     5   Next: 0%
Magic:  5/5        EV: 15    Int:  9    God:
Gold:   53         SH:  0    Dex: 16    Spells: 4/4 levels left

rFire    + . .     SeeInvis .   b - +1 falchion (venom)
rCold    x . .     Gourm    .   (shield restricted)
rNeg     . . .     Faith    .   c - +0 leather armour
rPois    .         Spirit   .   (no helmet)
rElec    .         Reflect  .   (no cloak)
rCorr    .         Harm     .   (no gloves)
MR       .....                  (no boots)
Stlth    ++........             (no amulet)
HPRegen  0.11/turn              j - ring of fire
MPRegen  0.09/turn              (no ring)

@: no status effects
A: small, mutation resistance 1
a: no special abilities


You were on level 2 of the Dungeon.
You were not hungry.

You visited 1 branch of the dungeon, and saw 2 of its levels.

You collected 53 gold pieces.

Inventory:

Hand Weapons
 a - a +1 hunting sling
 b - a +1 falchion of venom (weapon)
 m - a +0 short sword of holy wrath
Missiles
 d - 13 sling bullets
 g - 17 poisoned darts
 h - 64 stones (quivered)
Armour
 c - a +0 leather armour (worn)
Jewellery
 j - a ring of fire (left hand)
Scrolls
 e - 2 scrolls of identify
 i - 2 scrolls of magic mapping {unknown}
 k - a scroll of teleportation {unknown}
 l - a scroll of remove curse {unknown}
Comestibles
 f - 6 rations


   Skills:
 + Level 2.4 Fighting
 + Level 7.3 Slings
 + Level 3.0 Dodging
 - Level 2.0 Stealth


You had 4 spell levels left.
You didn't know any spells.
Your spell library was empty.

Dungeon Overview and Level Annotations

Branches:
Dungeon (2/15)

Altars:

Annotations:
D:2 Natasha


Innate Abilities, Weirdness & Mutations

You are small and have problems with some larger weapons.
You are somewhat resistant to further mutation.


Message History

The iron imp closely misses you.
You closely miss Natasha.
Natasha is almost dead.
Natasha claws you. Natasha claws you!
* * * LOW HITPOINT WARNING * * *
The iron imp hits you.
* * * LOW HITPOINT WARNING * * *
You are too injured to fight recklessly!
Unknown command.
You hit Natasha but do no damage.
Natasha is poisoned.
Natasha is almost dead.
Natasha growls.
Natasha barely misses you.
You riposte.
You hit Natasha.
Natasha is almost dead.
The iron imp misses you.
You miss Natasha.
Natasha is almost dead.
Natasha stares at you and mumbles some strange words.
The magic dart hits you!
You die...

....!.....#..#
#.#.#.#.#.#.#.#..#### ##
....................# #.
.#.#.#.#.#.#.....##.###.
................##.....
#.#.#.#.#.#.#.#####.###.
.....?.....##.# ###.##.(
.#.#.#5#.#.##.. ...###.
.....5h@...########.# #.
#.#.#.#.#........ #..##)
..........#####.##.....
##.........# #.#.....#
...........# #....P...
##(........# #..♣♣.P..
#######...# #. ♣P....
#.... .......#. #...#
###..###.


You could see an iron imp (summoned), Natasha (very poisoned) and a shadow imp
(summoned).

Vanquished Creatures
  Natasha (D:2)
  Robin (D:1)
  2 adders (D:2)
  2 dart slugs (D:1)
  A leopard gecko (D:1)
  6 bats
  A giant cockroach (D:1)
  12 goblins
  4 hobgoblins
  4 kobolds (D:1)
  A ball python (D:1)
  2 frilled lizards (D:1)
  A rat (D:1)
38 creatures vanquished.

Notes
Turn   | Place    | Note
-------+----------+-------------------------------------------
     0 | D:1      | DogServant the Halfling Hunter began the quest for the Orb.
     0 | D:1      | Reached XP level 1. HP: 14/14 MP: 1/1
   123 | D:1      | Reached skill level 6 in Slings
   129 | D:1      | Reached XP level 2. HP: 17/19 MP: 2/2
   547 | D:1      | Reached XP level 3. HP: 20/24 MP: 3/3
  1105 | D:2      | Noticed Robin
  1112 | D:1      | Killed Robin
  1379 | D:2      | Reached XP level 4. HP: 28/29 MP: 4/4
  1380 | D:2      | Noticed Natasha
  1381 | D:2      | Reached skill level 7 in Slings
  1387 | D:2      | Killed Natasha
  1639 | D:2      | Reached XP level 5. HP: 24/35 MP: 5/5
  1650 | D:2      | Noticed Natasha
  1663 | D:2      | Killed from afar by Natasha

Illustrated notes

Levels and vault maps discovered:
D:1:      lightli_arrival_noodles, layout_basic
D:2:      layout_loops_cross, hex_large, serial_park_tiny_2, uniq_robin,
          uniq_natasha, uniq_jessica, uniq_terence

Skill      XL: |  1  2  3  4 |
---------------+-------------+-----
Slings         | 6 7 |  7.3
Stealth        | 2 |  2.0
Fighting       | 2 |  2.4
Dodging        | 3 |  3.0

Action                   |  1- 3 |  4- 6 || total
-------------------------+-------+-------++-------
Melee: Short sword       |    67 |       ||    67
       Falchion          |     1 |    21 ||    22
 Fire: Hunting sling     |    12 |     4 ||    16
  Use: Scroll            |     1 |       ||     1
       Potion            |     1 |       ||     1
 Stab: Sleeping          |     4 |       ||     4
       Distracted        |     1 |       ||     1
  Eat: Chunk             |     1 |     1 ||     2
Armor: Leather armour    |    18 |     3 ||    21
Dodge: Dodged            |    65 |    28 ||    93
       Rpst.: Falchion   |     3 |    12 ||    15
